 Dungeon Crawl Stone Soup version 0.28.0-47-ge53b351184 (webtiles) character file.

Game seed: 17794434079418203040

3778 CryoSword the Grappler (level 10, -4/88 HPs)
             Began as a Ghoul Monk on May 8, 2022.
             Was a Follower of Ru.
             Slain by a five-headed hydra (6 damage)
             ... on level 7 of the Dungeon.
             The game lasted 00:15:04 (9384 turns).

CryoSword the Grappler (Ghoul Monk)                 Turns: 9384, Time: 00:15:04

Health: -4/88      AC:  9    Str: 16    XL:     10   Next: 16%
Magic:  9/9        EV: 14    Int:  7    God:    Ru [*.....]
Gold:   501        SH:  0    Dex: 19    Spells: 9/9 levels left

rFire   . . .      SeeInvis .     - Unarmed
rCold   + . .      Faith    .   (no shield)
rNeg    + + +      Spirit   .   p - +0 ring mail
rPois   ∞          Reflect  .   e - +0 helmet
rElec   .          Harm     .   b - +0 cloak
rCorr   .          Rampage  .   (no gloves)
Will    .....                   c - +0 pair of boots
Stlth   ++........              (no amulet)
HPRegen 0.00/turn               i - ring of wizardry
MPRegen 0.11/turn               t - +6 ring of dexterity

@: inhibited regen, studying Unarmed Combat
A: claws 1, cold resistance 1, negative energy resistance 3, inhibited
regeneration, torment resistance 2, no earth magic, no hexes magic, no summoning
magic
a: Renounce Religion


You were on level 7 of the Dungeon.
You worshipped Ru.
Ru was aware of your devotion.
You visited 2 branches of the dungeon, and saw 8 of its levels.

You collected 501 gold pieces.

Inventory:

Missiles
 f - 11 boomerangs
 n - 12 poisoned darts
Armour
 b - a +0 cloak (worn)
   (You found it on level 1 of the Dungeon)
 c - a +0 pair of boots (worn)
   (You found it on level 1 of the Dungeon)
 e - a +0 helmet (worn)
   (You took it off Robin on level 4 of the Dungeon)
 k - a +0 pair of gloves
   (You found it on level 2 of the Dungeon)
 p - a +0 ring mail (worn)
   (You found it on level 3 of the Dungeon)
Jewellery
 i - a ring of wizardry (left claw)
   (You found it on level 2 of the Dungeon)
 t - a +6 ring of dexterity (right claw)
   (You found it on level 6 of the Dungeon)
 y - a +6 ring of strength
   (You found it on level 7 of the Dungeon)
Wands
 q - a wand of acid (11) (quivered)
   (You found it on level 5 of the Dungeon)
Scrolls
 j - a scroll of magic mapping
 l - a scroll of fog
 o - 2 scrolls of identify {@r1}
 u - a scroll of immolation {unknown}
 v - a scroll of brand weapon {unknown}
 w - a scroll of silence {unknown}
Potions
 a - a potion of attraction {!q}
 d - 3 potions of curing {@q1}
 g - a potion of flight {unknown}
 h - a potion of haste {@q3}
 m - a potion of might {unknown}
 s - a potion of mutation {unknown}
 x - a potion of lignification {unknown}


   Skills:
 + Level 7.7 Fighting
 + Level 4.5 Armour
 + Level 6.4 Dodging
 - Level 5.0 Stealth
 * Level 13.0 Unarmed Combat


You had 9 spell levels left.
You didn't know any spells.
Your spell library contained the following spells:

 Spells                   Type           Power      Damage    Failure   Level
 Ozocubu's Armour         Ice            0%         N/A       65%         3
 Ozocubu's Refrigeration  Ice            0%         4d5       100%        7
 Summon Small Mammal      Summ           Unusable   N/A       N/A         1
 Call Canine Familiar     Summ           Unusable   N/A       N/A         3
 Summon Guardian Golem    Hex/Summ       Unusable   N/A       N/A         3

Dungeon Overview and Level Annotations

Branches:
Dungeon (7/15)             Temple (1/1) D:7

Altars:
Ashenzari
Cheibriados
Fedhas
Gozag
Hepliaklqana
Kikubaaqudgha
Makhleb
Nemelex Xobeh
Okawaru
Ru
Sif Muna
Trog
Uskayaw
Vehumet
Wu Jian
Xom
Yredelemnul
Zin
The Shining One
Beogh

Annotations:
D:2 1 runed translucent door, Crazy Yiuf
D:6 2 runed translucent doors, Peloso's ghost, novice MiFi


Innate Abilities, Weirdness & Mutations

You thrive by killing the living.
You are immune to poison.
You have sharp fingernails.
Your flesh is cold resistant. (rC+)
You are immune to negative energy. (rN+++)
You do not regenerate when monsters are visible.
You are immune to unholy pain and torment.
You cannot study or cast Earth magic.
You cannot study or cast Hexes magic.
You cannot study or cast Summoning magic.


Message History

You claw the wraith! The wraith hits you.
* * * LOW HITPOINT WARNING * * *
The wraith drains your vigour!
You feel yourself slow down.
You claw the wraith! The wraith misses you.
You scratch the wraith but do no damage.
The wraith hits you but does no damage. The wraith barely misses you.
You claw the wraith!
You destroy the wraith!
You flicker back into view.
Okay, then.
You start resting.
You feel yourself speed up.
You start resting.
The centaur shoots an arrow.
The arrow hits you!
* * * LOW HITPOINT WARNING * * *
Okay, then.
You fade into invisibility!
The centaur shoots an arrow.
The arrow misses you.
The centaur shoots an arrow.
The centaur shoots an arrow.
Okay, then.
As you read the scroll of teleportation {@r4}, it crumbles to dust.
You feel strangely unstable.
The centaur shoots an arrow. x2
You redirect the centaur's attack!
The centaur shoots an arrow.
The arrow hits the centaur!
You see here a +0 ring mail.
Your surroundings suddenly seem different.
You start resting.
You flicker for a moment.
You start resting.
You flicker back into view.
You start resting.
There is an open door here.
There is an open door here.
There is a stone staircase leading down here.
An orc priest is nearby!
An orc priest is nearby!
Found a stone staircase leading down.
Found 13 arrows.
The orc shouts!
There is a stone staircase leading down here.
You see here 13 arrows.
You claw the orc warrior!
The orc warrior hits you with a +0 short sword.
You scratch the orc warrior but do no damage.
The orc warrior hits you with a +0 short sword.
You claw the orc warrior!
You hear a shout!
The orc warrior misses you.
You claw the orc warrior!
You kill the orc warrior!
You feel better.
Your Unarmed Combat skill increases to level 13!
The orc priest shouts!
The orc priest begins to pray, but is stunned by your conviction!
Items here: ! ( ) ? [ †.
You scratch the orc. The orc misses you.
You claw the orc!
You kill the orc!
You claw the orc priest!
You kill the orc priest!
There is a stone staircase leading down here.
Things that are here:
a +0 club; an orc corpse The orc priest hits you but does no damage.
You closely miss the orc priest. The orc priest barely misses you.
You mangle the orc priest!!
You kill the orc priest!
Things that are here:
a +0 flail; an orc corpse
Things that are here:
a +0 flail; an orc corpse
Things that are here:
a +0 club; an orc corpse
g - a fuming green potion
o - 2 scrolls of identify {@r1} (gained 1)
Items here: ( ) [ †.
Things that are here:
a +0 flail; an orc corpse A white imp comes into view.
A white imp is nearby!
A white imp is nearby!
The white imp shouts!
The white imp gestures at you. The puff of frost misses you.
You claw the white imp!
You kill the white imp!
No target in view!
No target in view!
Found a glowing golden altar of the Shining One.
You now have 501 gold pieces (gained 15).
An orc wizard is nearby!
An orc wizard is nearby!
The orc wizard shouts!
There is a stone staircase leading up here.
The orc wizard hits you but does no damage.
You scratch the orc wizard. Your claw misses the orc wizard.
The orc wizard misses you.
You claw the orc wizard!
You kill the orc wizard!
No target in view!
Things that are here:
a +0 dagger; a +0 robe; an orc corpse The five-headed hydra roars!
The slime creature quivers.
There are monsters nearby!
There are monsters nearby!
The bolt of acid hits the five-headed hydra!
The bolt of acid hits the five-headed hydra!
The acid corrodes the five-headed hydra!
The bolt of acid hits the slime creature!
The acid corrodes the slime creature!
The five-headed hydra bites you but does no damage. x2
The five-headed hydra bites you!
The five-headed hydra bites you but does no damage.
The five-headed hydra bites you.
You scratch the five-headed hydra. You claw the five-headed hydra!
The five-headed hydra closely misses you.
The five-headed hydra bites you but does no damage. x2
The five-headed hydra bites you! x2
You claw the five-headed hydra!
The five-headed hydra barely misses you.
The five-headed hydra bites you!
* * * LOW HITPOINT WARNING * * *
The five-headed hydra closely misses you.
The five-headed hydra bites you.
* * * LOW HITPOINT WARNING * * *
The five-headed hydra bites you but does no damage.
You scratch the five-headed hydra. The five-headed hydra bites you!
* * * LOW HITPOINT WARNING * * *
The five-headed hydra bites you.
* * * LOW HITPOINT WARNING * * *
The five-headed hydra closely misses you.
The five-headed hydra bites you but does no damage.
The five-headed hydra bites you!
* * * LOW HITPOINT WARNING * * *
The five-headed hydra is no longer covered in acid.
The slime creature is no longer covered in acid.
Aim: a five-headed hydra (heavily wounded, 90% to hit)
The bolt of acid hits the five-headed hydra!
The acid corrodes the five-headed hydra!
The bolt of acid hits the slime creature!
The acid corrodes the slime creature!
The five-headed hydra barely misses you. x2
The five-headed hydra bites you!
* * * LOW HITPOINT WARNING * * *
The five-headed hydra bites you.
You die...

#.#.#.# #######.#.#.#
#...........#
#.#######.### #' #.# 8.
#.# #####8. ## #J#
#.#.#8J #.# #D# ##D.'..
..###@# #.c.##8 ..##.#
##'#########'##.#
#.c#.......#..#.########
#..#.⌠...⌠.#..#........#
#.[#).J....#..########.#
##[)...⌠...'.### #.#
###....⌠..###.#######.#
#.⌠...⌠.#........##.#


You could see a five-headed hydra (corroded) and a slime creature (corroded).

Vanquished Creatures
  A hornet (D:7)
  Sigmund (D:2)
  A yak (D:7)
  A wraith (D:7)
  Menkaure (D:4)
  2 water moccasins
  3 orc warriors
  A black bear (D:7)
  2 ice beasts
  2 sky beasts
  3 necrophages
  2 ogres
  3 centaurs
  A phantom (D:5)
  2 kobold brigands (D:6)
  A scorpion (D:5)
  A howler monkey (D:6)
  4 hounds
  2 gnoll shamans (D:7)
  2 jellies
  A centaur skeleton (D:7)
  7 orc priests
  2 bullfrog skeletons (D:5)
  2 iguanas
  5 orc wizards
  Terence (D:2)
  Natasha (thrice) (D:4)
  A killer bee zombie (D:7)
  2 hound skeletons
  Robin (D:4)
  5 gnolls (D:7)
  7 adders
  2 shadow imps
  A white imp (D:7)
  3 ufetubi
  An adder skeleton (D:4)
  2 dart slugs
  16 orcs
  5 endoplasms
  4 giant cockroaches
  18 goblins
  9 hobgoblins
  3 jackals (D:1)
  4 quokkas
  7 ball pythons
  5 bats
  8 frilled lizards
  13 kobolds
  5 rats
179 creatures vanquished.

Vanquished Creatures (others)
  A bullfrog (D:7)
  A jelly (D:6)
  2 orcs (D:6)
  3 kobolds (D:6)
  5 plants (D:7)
12 creatures vanquished.

Grand Total: 191 creatures vanquished

Notes
Turn   | Place    | Note
-------+----------+-------------------------------------------
     0 | D:1      | CryoSword the Ghoul Monk began the quest for the Orb.
     0 | D:1      | Reached XP level 1. HP: 19/19 MP: 0/0
   266 | D:1      | Reached XP level 2. HP: 26/26 MP: 1/1
   407 | D:1      | Found a faded altar of an unknown god.
  1279 | D:2      | Reached XP level 3. HP: 31/31 MP: 2/2
  1385 | D:2      | Found a runed translucent door.
  1386 | D:2      | Noticed Crazy Yiuf
  1436 | D:2      | Reached skill level 4 in Unarmed Combat
  1604 | D:2      | Noticed Sigmund
  1700 | D:2      | Killed Sigmund
  1701 | D:2      | Reached skill level 5 in Unarmed Combat
  1701 | D:2      | Reached XP level 4. HP: 28/40 MP: 3/3
  1701 | D:2      | Reached XP level 5. HP: 33/46 MP: 4/4
  1808 | D:2      | Noticed Terence
  1826 | D:2      | Killed Terence
  2077 | D:2      | Reached XP level 6. HP: 52/52 MP: 5/5
  2895 | D:4      | Noticed Robin
  3095 | D:4      | Killed Robin
  3171 | D:4      | Noticed Menkaure
  3379 | D:4      | Reached XP level 7. HP: 56/60 MP: 6/6
  3478 | D:4      | Reached skill level 6 in Unarmed Combat
  3508 | D:4      | Noticed Natasha
  3528 | D:4      | Killed Natasha
  3894 | D:4      | Noticed Natasha
  4051 | D:4      | Killed Menkaure
  4052 | D:4      | Reached skill level 5 in Fighting
  4391 | D:4      | Killed Natasha
  4589 | D:4      | Noticed Natasha
  4599 | D:4      | Killed Natasha
  4611 | D:4      | Identified a scroll of acquirement
  4612 | D:4      | Acquired a manual of Unarmed Combat
  4625 | D:5      | Entered Level 5 of the Dungeon
  4636 | D:5      | Reached skill level 5 in Stealth
  4636 | D:5      | Reached skill level 7 in Unarmed Combat
  4636 | D:5      | Reached XP level 8. HP: 41/68 MP: 7/7
  4943 | D:5      | Reached skill level 1 in Armour
  5183 | D:5      | Reached skill level 8 in Unarmed Combat
  5782 | D:5      | Reached skill level 9 in Unarmed Combat
  6227 | D:6      | Reached skill level 5 in Dodging
  6438 | D:6      | Found a shimmering altar of Xom.
  6461 | D:6      | Reached skill level 10 in Unarmed Combat
  6461 | D:6      | Reached XP level 9. HP: 73/78 MP: 8/8
  7111 | D:6      | Reached skill level 11 in Unarmed Combat
  7268 | D:6      | Found a large runed translucent door.
  7268 | D:6      | Found a large runed translucent door.
  7269 | D:6      | Noticed Peloso's ghost (novice MiFi)
  7754 | D:7      | Found a staircase to the Ecumenical Temple.
  7775 | Temple   | Entered the Ecumenical Temple
  7798 | Temple   | Became a worshipper of Ru the Awakened
  7809 | Temple   | Gained mutation: You cannot study or cast Earth magic. [Ru
                  | sacrifice]
  7809 | Temple   | Gained mutation: You cannot study or cast Hexes magic. [Ru
                  | sacrifice]
  7809 | Temple   | Gained mutation: You cannot study or cast Summoning magic.
                  | [Ru sacrifice]
  7809 | Temple   | Reached * piety under Ru
  8157 | D:7      | Found a snail-covered altar of Cheibriados.
  8225 | D:7      | Noticed a hornet
  8236 | D:7      | Killed a hornet
  8237 | D:7      | Reached skill level 12 in Unarmed Combat
  8823 | D:7      | Reached XP level 10. HP: 79/86 MP: 9/9
  8827 | D:7      | Noticed a five-headed hydra
  9237 | D:7      | Reached skill level 13 in Unarmed Combat
  9384 | D:7      | HP: 2/88 [five-headed hydra (7)]
  9384 | D:7      | Slain by a five-headed hydra

Illustrated notes

Levels and vault maps discovered:
D:1:      giann_horns, layout_basic, hellmonk_ecumenical_altar_zigzags
D:2:      minmay_chambers_of_ones, layout_rooms, amcnicky_mini_pool_small,
          uniq_terence, uniq_crazy_yiuf_cottage, uniq_sigmund
D:3:      layout_basic, serial_park_tiny_2
D:4:      layout_basic, serial_glass, glass_columns_c, glass_columns_b,
          serial_park_tiny_pond, minmay_misc_feat_alley, kennysheep_orc_chapel,
          uniq_menkaure, uniq_robin, uniq_natasha
D:5:      layout_basic, serial_corexii_hall, corexii_hall_statues_t,
          corexii_hall_statues_l, corexii_hall_statues_s,
          chequers_hall_statues_wall_a
D:6:      layout_basic, xom_confusion_cloud, ebering_ghost_disaster_area
D:7:      minmay_chambers_of_sevens, layout_basic, tso_oasis_becter,
          mainiacjoe_overflow_alcove_1, minmay_temple_entry_tees
Temple:   lightli_temple_of_artemis

Skill      XL: |  1  2  3  4  5  6  7  8  9 10 |
---------------+-------------------------------+-----
Dodging        | 3 4 5 6 |  6.4
Unarmed Combat | 5 7 10 12 13 | 13.0
Fighting       | 4 5 6 7 |  7.7
Stealth        | 3 4 5 |  5.0
Armour         | 2 4 |  4.5

Action                   |  1- 3 |  4- 6 |  7- 9 | 10-12 || total
-------------------------+-------+-------+-------+-------++-------
Melee: Unarmed           |   111 |   184 |   320 |    35 ||   650
       Punch             |     2 |     3 |    16 |     1 ||    22
Throw: Dart              |       |       |     5 |       ||     5
Invok: Sacrifice Arcana  |       |       |     1 |       ||     1
Evoke: Wand              |       |       |     5 |     3 ||     8
  Use: Scroll            |     6 |     1 |     7 |     2 ||    16
       Potion            |     1 |       |     1 |     2 ||     4
 Stab: Sleeping          |     4 |       |     8 |       ||    12
       Invisible         |       |       |       |     1 ||     1
Armor: Robe              |     5 |       |       |       ||     5
       Leather armour    |    18 |     7 |       |       ||    25
       Chain mail        |       |    55 |       |       ||    55
       Ring mail         |       |    27 |   120 |    18 ||   165
Dodge: Dodged            |    65 |    53 |   178 |    29 ||   325
